 Dungeon Crawl Stone Soup version 0.28.0-62-gf88900778d (webtiles) character file.

Game seed: 708376344727012694

43 Shaddo5 the Chopper (level 3, 12/34 HPs)
             Began as a Deep Dwarf Fighter on Mar 10, 2023.
             Was a Follower of Zin.
             Quit the game on level 3 of the Dungeon.
             The game lasted 00:02:30 (1186 turns).

Shaddo5 the Chopper (Deep Dwarf Fighter)            Turns: 1186, Time: 00:02:31

Health: 12/34      AC:  6    Str: 21    XL:     3   Next: 37%
Magic:  3/3        EV:  9    Int:  8    God:    Zin [*.....]
Gold:   29         SH:  4    Dex: 12    Spells: 2/2 levels left

rFire   . . .      SeeInvis .   a - +0 war axe
rCold   . . .      Faith    .   c - +0 buckler
rNeg    . . .      Spirit   .   b - +0 scale mail
rPois   .          Reflect  .   (no helmet)
rElec   .          Harm     .   (no cloak)
rCorr   .          Rampage  .   (no gloves)
Will    .....                   (no boots)
Stlth   ..........              (no amulet)
HPRegen 0.00/turn               (no ring)
MPRegen 0.08/turn               (no ring)

@: no status effects
A: damage resistance, heal wounds, sense surroundings 1, no regeneration
a: Heal Wounds, Renounce Religion, Recite, Donate Gold


You were on level 3 of the Dungeon.
You worshipped Zin.
Zin was aware of your devotion.
You visited 1 branch of the dungeon, and saw 3 of its levels.

You collected 32 gold pieces.
You donated 3 gold pieces to Zin.

Inventory:

Hand Weapons
 a - a +0 war axe (weapon)
Armour
 b - a +0 scale mail (worn)
 c - a +0 buckler (worn)
Scrolls
 f - a scroll of holy word {unknown}
 g - 3 scrolls of vulnerability {unknown}
 i - a scroll of noise {unknown}
Potions
 d - a potion of might
 e - 2 potions of curing {unknown}
 h - a potion of lignification {unknown}
 j - a potion of degeneration {unknown}


   Skills:
 - Level 3.0 Fighting
 + Level 3.6 Axes
 - Level 3.3 Armour
 - Level 3.5 Shields


You had 2 spell levels left.
You didn't know any spells.
Your spell library contained the following spells:

 Spells                   Type           Power      Damage    Failure   Level
 Summon Small Mammal      Summ           0%         N/A       83%         1
 Call Canine Familiar     Summ           0%         N/A       99%         3
 Summon Guardian Golem    Hex/Summ       0%         N/A       99%         3
 Conjure Ball Lightning   Conj/Air       0%         3x3d6     100%        6
 Discord                  Hex            0%         N/A       100%        8
 Disjunction              Tloc           0%         N/A       100%        8


Dungeon Overview and Level Annotations

Branches:
Dungeon (3/15)

Altars:
Zin
The Shining One


Innate Abilities, Weirdness & Mutations

You are resistant to damage.
You can heal yourself by infusing magical energy.
You passively map a small area around you.
You do not regenerate.


Message History

Found 2 scrolls labelled OSUUNUZ XUCOEF.
You closely miss the frilled lizard. The frilled lizard bites you.
You closely miss the frilled lizard. The frilled lizard misses you.
You closely miss the frilled lizard. The frilled lizard barely misses you.
Clearing level map.
Save game and exit?
Welcome back, Shaddo5 the Deep Dwarf Fighter.
Press ? for a list of commands and other information.
You miss the frilled lizard. The frilled lizard barely misses you.
The frilled lizard bites you but does no damage.
You closely miss the frilled lizard. The frilled lizard bites you.
You slash the frilled lizard!
You kill the frilled lizard!
No target in view!
No target in view!
You see here a frilled lizard corpse.
g - 3 scrolls labelled OSUUNUZ XUCOEF (gained 2)
Found a faded altar of an unknown god.
A hobgoblin comes into view.
The hobgoblin shouts!
The hobgoblin misses you.
You hit the hobgoblin.
The hobgoblin is moderately wounded.
The hobgoblin barely misses you. x2
You closely miss the hobgoblin.
The hobgoblin is moderately wounded.
The hobgoblin barely misses you.
You hit the hobgoblin but do no damage.
The hobgoblin is moderately wounded.
You block the hobgoblin's attack. The hobgoblin barely misses you.
You slash the hobgoblin!
You kill the hobgoblin!
No target in view!
There is a faded altar of an unknown god here.
You cannot tell which god this altar belongs to.
Convert to them anyway?
Zin accepts your prayer! Zin welcomes you!
You pay a tithe of 3 gold.
You can now donate money to Zin.
You can now recite Zin's Axioms of Law.
Are you sure you want to abandon this character and quit the game? (Confirm with "yes".)

#.# #* , ,
#.# .#
#.#######'##
#.##.......#
,
#.##.......#
#.##.......#
,
#.##⌠...⌠..#
#..........#
###...@.⌠..#
#........#
#.⌠...⌠..# ,
#####...##
#### , *


There were no monsters in sight!

Vanquished Creatures
  A worm (D:2)
  2 dart slugs (D:1)
  5 ball pythons
  2 bats
  3 endoplasms
  A giant cockroach (D:1)
  A goblin (D:2)
  4 hobgoblins
  3 jackals (D:2)
  3 quokkas
  3 frilled lizards
  A kobold (D:2)
  3 rats
32 creatures vanquished.

Notes
Turn   | Place    | Note
-------+----------+-------------------------------------------
     0 | D:1      | Shaddo5 the Deep Dwarf Fighter began the quest for the Orb.
     0 | D:1      | Reached XP level 1. HP: 20/20 MP: 1/1
   185 | D:1      | Reached XP level 2. HP: 19/28 MP: 2/2
   783 | D:2      | Found a glowing golden altar of the Shining One.
   846 | D:2      | Reached XP level 3. HP: 15/34 MP: 3/3
  1174 | D:3      | Found a faded altar of an unknown god.
  1185 | D:3      | Prayed at the altar of an unknown god.
  1185 | D:3      | Became a worshipper of Zin the Law-Giver
  1185 | D:3      | Reached * piety under Zin
  1186 | D:3      | Quit the game

Illustrated notes

Levels and vault maps discovered:
D:1:      dpeg_arrival_connections, layout_loops_corners, minmay_pentomino_v2
D:2:      layout_rooms, basic_altar, kennysheep_generic_room_2
D:3:      layout_basic, mainiacjoe_overflow_boulevard,
          hellmonk_ecumenical_altar_run_dry

Skill      XL: |  1  2 |
---------------+-------+-----
Fighting       | 3 |  3.0
Axes           | 3 |  3.6
Armour         | |  3.3
Shields        | |  3.5

Action                   || total
-------------------------++-------
Melee: War axe           ||    90
Armor: Scale mail        ||    31
Dodge: Dodged            ||    44
Block: Buckler           ||    20
